 Dungeon Crawl Stone Soup version 0.28.0-49-g6dfe1f597d (webtiles) character file.

Game seed: 7498095472600558696

1552 Exodus22XD the Cleaver (level 8, -5/65 (70) HPs)
             Began as a Minotaur Fighter on May 19, 2022.
             Was a Believer of Okawaru.
             Killed from afar by a steam dragon (12 damage)
             ... with a ball of steam
             ... on level 6 of the Dungeon.
             The game lasted 00:04:36 (5939 turns).

Exodus22XD the Cleaver (Minotaur Fighter)           Turns: 5939, Time: 00:04:37

HP:   -5/65 (70)    AC:  7    Str: 23    XL:     8   Next: 57%
MP:   9/9           EV:  9    Int:  5    God:    Okawaru [**....]
Gold: 297           SH:  5    Dex: 10    Spells: 7/7 levels left

rFire   . . .      SeeInvis .   a - +0 war axe
rCold   . . .      Faith    .   c - +0 buckler
rNeg    . . .      Spirit   .   b - +0 scale mail
rPois   .          Reflect  .   (helmet restricted)
rElec   .          Harm     .   (no cloak)
rCorr   .          Rampage  .   (no gloves)
Will    +....                   (no boots)
Stlth   ..........              (no amulet)
HPRegen 0.20/turn               k - ring of willpower
MPRegen 0.11/turn               (no ring)

@: drained
A: horns 2, retaliatory headbutt
a: Renounce Religion, Heroism


You were on level 6 of the Dungeon.
You worshipped Okawaru.
Okawaru was pleased with you.
You visited 2 branches of the dungeon, and saw 7 of its levels.

You collected 297 gold pieces.

Inventory:

Hand Weapons
 a - a +0 war axe (weapon)
 p - a +2 flail of draining
Armour
 b - a +0 scale mail (worn)
 c - a +0 buckler (worn)
Jewellery
 k - a ring of willpower (left hand)
 t - a ring of magical power
Wands
 j - a wand of acid (7)
Scrolls
 e - a scroll of torment
 f - a scroll of amnesia {unknown}
 g - a scroll of vulnerability
 h - 2 scrolls of fear
 i - 2 scrolls of teleportation {unknown}
 n - a scroll of silence {unknown}
 q - a scroll of acquirement {unknown}
 s - a scroll of brand weapon {unknown}
Potions
 d - a potion of degeneration {unknown}
 l - 2 potions of invisibility
 m - a potion of attraction {unknown}
 o - a potion of ambrosia {unknown}
 r - a potion of heal wounds {unknown}
 u - a potion of curing


   Skills:
 + Level 6.1 Fighting
 + Level 9.3 Axes
 + Level 6.7 Armour
 + Level 5.3 Shields
 * Level 2.9 Invocations


You had 7 spell levels left.
You didn't know any spells.
Your spell library was empty.

Dungeon Overview and Level Annotations

Branches:
Dungeon (6/15)             Temple (1/1) D:4

Altars:
Ashenzari
Cheibriados
Dithmenos
Elyvilon
Fedhas
Gozag
Hepliaklqana
Kikubaaqudgha
Okawaru
Qazlal
Ru
Sif Muna
Trog
Vehumet
Wu Jian
Xom
The Shining One

Shops:
D:6 (


Innate Abilities, Weirdness & Mutations

You have a pair of horns on your head.
You reflexively headbutt those who attack you in melee.


Message History

The steam dragon hisses angrily.
The steam dragon breathes steam at you. The ball of steam misses you.
You are engulfed in a cloud of scalding steam.
The steam dragon bites you.
The steam dragon claws you but does no damage.
You barely miss the steam dragon.
You are engulfed in a cloud of scalding steam.
The steam dragon bites you! The steam dragon claws you.
The steam dragon barely misses you. The steam dragon claws you.
Unknown command.
You barely miss the steam dragon.
You headbutt the steam dragon, but do no damage.
You block the steam dragon's attack. The steam dragon claws you.
You slash the steam dragon!
The steam dragon is moderately wounded.
The steam dragon breathes steam at you. The ball of steam misses you.
You closely miss the steam dragon.
The steam dragon is moderately wounded.
You are engulfed in a cloud of scalding steam.
The steam dragon breathes steam at you. The ball of steam hits you!!
* * * LOW HITPOINT WARNING * * *
You are too injured to fight recklessly!
You are too injured to fight recklessly!
You closely miss the steam dragon.
The steam dragon is moderately wounded.
You are engulfed in a cloud of scalding steam.
* * * LOW HITPOINT WARNING * * *
The steam dragon bites you.
* * * LOW HITPOINT WARNING * * *
The steam dragon claws you but does no damage.
Okay, then.
The steam dragon bites you.
* * * LOW HITPOINT WARNING * * *
The steam dragon claws you but does no damage.
The steam dragon breathes steam at you. The ball of steam hits you!
You die...

##### #### ..... #######
#... ......#.....###
#... ......#@# ...##
#...
.......§#####..######...
......D§§.§§............
......########......#...
...... #...##.....
...... ###....#... .....
#....#.#... ..###
#.##.#.#... ## #.
#.....##


You could see a steam dragon (catching breath).

Vanquished Creatures
  Prince Ribbit (D:5)
  Sigmund (D:2)
  Menkaure (D:5)
  An ice beast (D:5)
  2 black bears (D:4)
  A sky beast (D:5)
  A phantom (D:5)
  A kobold brigand (D:5)
  2 scorpions
  3 hounds
  A bullfrog zombie (D:5)
  Jessica (D:2)
  A bullfrog skeleton (D:4)
  An iguana (D:4)
  Ijyb (D:3)
  Robin (D:2)
  14 adders
  A white imp (D:5)
  3 worms
  2 dart slugs
  10 orcs
  4 endoplasms
  4 giant cockroaches
  17 goblins
  10 hobgoblins
  4 jackals (D:5)
  7 quokkas
  9 ball pythons
  6 bats
  A frilled lizard (D:3)
  10 kobolds
  5 rats
127 creatures vanquished.

Notes
Turn   | Place    | Note
-------+----------+-------------------------------------------
     0 | D:1      | Exodus22XD the Minotaur Fighter began the quest for the
                  | Orb.
     0 | D:1      | Reached XP level 1. HP: 19/19 MP: 0/0
   376 | D:1      | Reached XP level 2. HP: 27/27 MP: 1/1
  1101 | D:2      | Noticed Jessica
  1104 | D:2      | Killed Jessica
  1105 | D:2      | Reached skill level 3 in Axes
  1105 | D:2      | Reached XP level 3. HP: 33/33 MP: 2/2
  1444 | D:2      | Reached XP level 4. HP: 39/40 MP: 3/3
  1763 | D:2      | Noticed Robin
  1775 | D:2      | Killed Robin
  1784 | D:2      | Reached skill level 4 in Axes
  1788 | D:2      | Noticed Sigmund
  1797 | D:2      | Killed Sigmund
  1798 | D:2      | Reached skill level 5 in Axes
  1798 | D:2      | Reached skill level 5 in Armour
  1798 | D:2      | Reached XP level 5. HP: 25/47 MP: 4/4
  2228 | D:3      | Noticed Ijyb
  2237 | D:3      | Reached XP level 6. HP: 51/53 MP: 5/5
  2238 | D:3      | Killed Ijyb
  2491 | D:3      | Reached skill level 6 in Axes
  2510 | D:3      | Found a faded altar of an unknown god.
  3126 | D:4      | Reached skill level 5 in Fighting
  3126 | D:4      | Reached XP level 7. HP: 42/61 MP: 6/6
  3281 | D:4      | Found a staircase to the Ecumenical Temple.
  3297 | Temple   | Entered the Ecumenical Temple
  3503 | Temple   | Became a worshipper of Warmaster Okawaru
  3582 | D:4      | Reached skill level 7 in Axes
  4409 | D:4      | Reached skill level 1 in Invocations
  4421 | D:5      | Entered Level 5 of the Dungeon
  4507 | D:5      | Reached skill level 5 in Shields
  4608 | D:5      | Reached * piety under Okawaru
  4615 | D:5      | Reached skill level 8 in Axes
  4619 | D:5      | Noticed Menkaure
  4631 | D:5      | Reached XP level 8. HP: 18/69 MP: 8/8
  4633 | D:5      | Killed Menkaure
  4881 | D:5      | Noticed Prince Ribbit
  4912 | D:5      | Killed Prince Ribbit
  5141 | D:5      | Reached skill level 9 in Axes
  5347 | D:5      | Found a faded altar of an unknown god.
  5354 | D:5      | Reached ** piety under Okawaru
  5477 | D:5      | Found a hazy altar of Hepliaklqana.
  5857 | D:6      | Found a broken altar of Ashenzari.
  5881 | D:6      | Found Qeqinevupn's Firing Range.
  5939 | D:6      | Killed from afar by a steam dragon

Illustrated notes

Levels and vault maps discovered:
D:1:      nzn_arrival_depleted_hourglass, layout_loops_corners
D:2:      layout_basic, hangedman_abyss_or_decor_lesser_grid, uniq_sigmund,
          uniq_robin, uniq_jessica, uniq_crazy_yiuf_cottage
D:3:      layout_rooms, shapermc_ecumenical_altar_mp_vishouse, st_stairs_9,
          minmay_snake_closets, uniq_ijyb
D:4:      layout_loops_ring, minmay_temple_entry_stoned_glass, st_stairs_10,
          kennysheep_small_spiral, minmay_quadrilaterals
D:5:      layout_loops_corners, beargit_hepliaklqana_dungeon_heroes,
          uniq_prince_ribbit1, uniq_menkaure
D:6:      layout_rooms, nicolae_ashenzari_skybound, nicolae_shop_firing_range,
          uniq_eustachio
Temple:   mainiacjoe_temple_cubbyholes

Skill      XL: |  1  2  3  4  5  6  7  8 |
---------------+-------------------------+-----
Armour         | 4 5 6 |  6.7
Shields        | 4 5 |  5.3
Fighting       | 4 5 6 |  6.1
Axes           | 3 5 6 8 9 |  9.3
Invocations    | 1 2 |  2.9

Action                   |  1- 3 |  4- 6 |  7- 9 || total
-------------------------+-------+-------+-------++-------
Melee: War axe           |    59 |   107 |   121 ||   287
       Headbutt          |     8 |    12 |    25 ||    45
  Use: Potion            |       |     1 |     3 ||     4
       Scroll            |       |       |     4 ||     4
 Stab: Distracted        |       |     1 |       ||     1
Armor: Scale mail        |    27 |    49 |    43 ||   119
Dodge: Dodged            |    22 |    68 |    52 ||   142
Block: Buckler           |    12 |    30 |    26 ||    68
